 Dungeon Crawl Stone Soup version 0.31-a0-986-g5e6e4ef867 (webtiles) character file.

Game seed: 17263771925045137398

977 mightbedylan the Trooper (level 8, -13/70 HPs)
             Began as a Hill Orc Fighter on Nov 12, 2023.
             Mangled by an ogre
             ... wielding a +0 giant club
              (18 damage)
             ... on level 6 of the Dungeon.
             The game lasted 00:18:07 (3736 turns).

mightbedylan the Trooper (Hill Orc Fighter)         Turns: 3736, Time: 00:18:07

Health: -13/70     AC: 13    Str: 21    XL:     8   Next: 17%
Magic:  0/0        EV:  9    Int:  8    God:
Gold:   18         SH:  5    Dex: 10    Spells: 7/7 levels left

rFire   . . .        m - +5 whip of the Leaping Queen {heavy, rC+ rN+ MP-9}
rCold   + . .        c - +0 buckler
rNeg    + . .        b - +3 scale mail
rPois   .            (no helmet)
rElec   .            (no cloak)
rCorr   .            (no gloves)
SInv    .            s - +2 pair of boots
Will    +....        (no amulet) Stlth
                     q - ring of willpower
HPRegen 0.31/turn    (no ring)
MPRegen 0.07/turn

%: no passive effects
@: no status effects
A: no striking features
a: Convert to Beogh


You were on level 6 of the Dungeon.
You visited 1 branch of the dungeon, and saw 5 of its levels.

You collected 190 gold pieces.
You spent 172 gold pieces at shops.

Inventory:

Hand Weapons
 a - a +0 war axe
 j - the +3 dagger of the Little People {heavy, rN+ rCorr Dex-3}
   (You found it on level 2 of the Dungeon)

   Dex-3:     It affects your dexterity (-3).
   rN+:       It protects you from negative energy.
   rCorr:     It protects you from acid and corrosion.
 m - the +5 whip of the Leaping Queen (weapon) {heavy, rC+ rN+ MP-9}
   (You found it on level 2 of the Dungeon)

   rC+:       It protects you from cold.
   rN+:       It protects you from negative energy.
   MP-9:      It affects your magic capacity (-9).
 o - a +1 hammer of draining
 p - a +3 quarterstaff of chaos
 v - a +0 broad axe of flaming
Missiles
 u - 3 atropa-tipped darts
Armour
 b - a +3 scale mail (worn)
 c - a +0 buckler (worn)
 s - a +2 pair of boots (worn)
 w - +0 steam dragon scales
Jewellery
 q - a ring of willpower (left hand)
 r - a ring of protection from cold
 t - a +6 ring of intelligence
Scrolls
 e - a scroll of amnesia {unknown}
 k - 2 scrolls of enchant weapon {unknown}
 l - a scroll of immolation {unknown}
 n - a scroll of teleportation {unknown}
Potions
 d - 2 potions of might
 f - a potion of ambrosia
 g - 2 potions of attraction {unknown}
 h - a potion of mutation
 i - a potion of degeneration {unknown}


   Skills:
 + Level 5.9 Fighting
 + Level 5.7(7.0) Axes
 * Level 5.0(6.0) Maces & Flails
 + Level 5.2 Armour
 + Level 5.3 Shields


You had 7 spell levels left.
You didn't know any spells.
Your spell library was empty.

Dungeon Overview and Level Annotations

Branches:
Dungeon (4/15)
 Temple: D:4-7

Altars:

Shops:
D:1 [   D:2 ?   D:3 *

Annotations:
D:6 Prince Ribbit


Message History

You resist with some effort.
Items here: ( )) [[ †.
You barely miss the orc.
The white imp shouts!
The orc completely misses you.
The orc priest hits you but does no damage.
You closely miss the orc. The orc barely misses you.
The orc priest barely misses you.
Prince Ribbit blinks!
You barely miss the orc. The orc hits you but does no damage.
The orc priest casts a cantrip, but nothing happens.
Prince Ribbit blinks!
The orc completely misses you.
The orc priest hits you with a +0 hand axe.
You completely miss the orc. You block the orc's attack.
Prince Ribbit hits you.
The orc priest miscasts a cantrip.
You hit the orc.
The orc is heavily wounded.
Prince Ribbit hits you but does no damage.
The orc barely misses you. Prince Ribbit hits you!
You barely miss the orc.
The orc is heavily wounded.
The orc hits you but does no damage. Prince Ribbit barely misses you.
You hit the orc but do no damage.
The orc is heavily wounded.
You block Prince Ribbit's attack. The orc hits you with a +0 falchion.
The ogre hits you with a +0 giant club!!
Prince Ribbit hits you!
* * * LOW HITPOINT WARNING * * *
The orc hits you but does no damage.
You barely miss the orc.
The orc is heavily wounded.
Prince Ribbit closely misses you. The ogre hits you with a +0 giant club!
* * * LOW HITPOINT WARNING * * *
The orc hits you with a +0 falchion.
* * * LOW HITPOINT WARNING * * *
Prince Ribbit blinks!
You hit the orc but do no damage.
The orc is moderately wounded.
The ogre hits you with a +0 giant club!!
You die...

#.### # .... #.####...
......... .......5#
......oo# .....oOo#
#@# #§# # #.# #. #.#
##≈ ###.#####F### ≈≈≈
#...........##### ≈~
≈≈~ '...............#
.. #.#
#...............####.#
#.#
##........#.........
#.#


You could see Prince Ribbit, an ogre, an orc priest, a white imp and 3 orcs.

Vanquished Creatures
  Maggie (D:6)
  Sigmund (D:2)
  Menkaure (D:4)
  An ogre (D:3)
  A phantom (D:6)
  Crazy Yiuf (D:2)
  An orc priest (D:4)
  Jessica (D:2)
  Robin (D:2)
  7 gnolls (D:3)
  3 adders (D:3)
  2 dart slugs (D:1)
  9 orcs
  4 endoplasms
  3 giant cockroaches
  15 goblins
  6 hobgoblins
  6 kobolds
  3 quokkas
  4 ball pythons
  6 bats
  6 frilled lizards
  5 rats
88 creatures vanquished.

Notes
Turn   | Place    | Note
-------+----------+-------------------------------------------
     0 | D:1      | mightbedylan the Hill Orc Fighter began the quest for the
                  | Orb.
     0 | D:1      | Reached XP level 1. HP: 19/19 MP: 1/1
   217 | D:1      | Found Cowku's Antique Armour Shop.
   240 | D:1      | Reached XP level 2. HP: 27/27 MP: 2/2
   722 | D:1      | Reached XP level 3. HP: 33/33 MP: 3/3
   997 | D:2      | Identified the +3 dagger of the Little People {heavy, rN+
                  | rCorr Dex-3}
  1074 | D:2      | Identified the +0 helmet "Cytzybi" {rC- Str+2 Dex+4}
  1074 | D:2      | Noticed Robin
  1095 | D:2      | Killed Robin
  1204 | D:2      | Reached XP level 4. HP: 40/40 MP: 4/4
  1242 | D:2      | Identified the +5 whip of the Leaping Queen {heavy, rC+ rN+
                  | MP-9}
  1414 | D:2      | Found a runed translucent door.
  1415 | D:2      | Noticed Crazy Yiuf
  1421 | D:2      | Killed Crazy Yiuf
  1688 | D:2      | Noticed Jessica
  1691 | D:2      | Killed Jessica
  1692 | D:2      | Reached skill level 1 in Maces & Flails
  1692 | D:2      | Reached XP level 5. HP: 47/47 MP: 0/5
  1748 | D:2      | Noticed Sigmund
  1752 | D:2      | Found Musen's Magic Scroll Boutique.
  1764 | D:2      | Killed Sigmund
  1765 | D:2      | Reached XP level 6. HP: 28/55 MP: 0/6
  2287 | D:2      | Bought a scroll of enchant armour for 97 gold pieces
  2470 | D:3      | Reached skill level 5 in Fighting
  2683 | D:3      | Reached XP level 7. HP: 44/61 MP: 0/7
  3043 | D:3      | Found Jakouvo's General Store.
  3047 | D:3      | Bought a scroll of enchant armour for 75 gold pieces
  3214 | D:4      | Reached skill level 5 in Axes
  3215 | D:4      | Noticed Menkaure
  3224 | D:4      | Killed Menkaure
  3365 | D:4      | You fall into a shaft and drop 2 floors!
  3380 | D:6      | Noticed Maggie
  3408 | D:6      | Killed Maggie
  3409 | D:6      | Reached skill level 5 in Armour
  3409 | D:6      | Reached skill level 5 in Shields
  3409 | D:6      | Reached XP level 8. HP: 9/70 MP: 0/8
  3707 | D:6      | Reached skill level 5 in Maces & Flails
  3721 | D:6      | Noticed Prince Ribbit
  3736 | D:6      | Mangled by an ogre

Illustrated notes

Levels and vault maps discovered:
D:1:      co_arrival_square_in_a_square_in_a_square, layout_loops_corners,
          serial_shops, shop
D:2:      layout_basic, serial_shops, nicolae_shop_tiny_waterfront,
          minmay_pentomino_o2, uniq_sigmund, uniq_robin,
          uniq_crazy_yiuf_cottage, uniq_jessica
D:3:      layout_loops_ring, serial_shops, shop, dreamdust_wishing_well
D:4:      layout_loops_corners, nicolae_dithmenos_through_a_glass_darkly,
          gammafunk_ghost_gnarly_gnolls, serial_bayou_crossing, uniq_menkaure
D:6:      layout_basic, mainiacjoe_overflow_alcove_2, lightli_temple_of_fire,
          minmay_temple_entry_poolview, minivault_24, minmay_crystal_water,
          kennysheep_generic_room_8, uniq_prince_ribbit1, uniq_maggie

Skill      XL: |  1  2  3  4  5  6  7  8 |
---------------+-------------------------+-----
Axes           | 3 4 5 |  5.7
Fighting       | 4 5 |  5.9
Shields        | 4 5 |  5.3
Maces & Flails | 1 2 3 4 5 |  5.0
Armour         | 4 5 |  5.2

Action                     |  1- 3 |  4- 6 |  7- 9 || total
---------------------------+-------+-------+-------++-------
  Melee: War axe           |    93 |    11 |       ||   104
         Whip              |       |    69 |    78 ||   147
    Use: Potion            |       |     3 |       ||     3
         Scroll            |       |     8 |     1 ||     9
 Armour: Scale mail        |    64 |    56 |    58 ||   178
  Dodge: Dodged            |    54 |    29 |    36 ||   119
  Block: Buckler           |    21 |    18 |    12 ||    51

Table legend: (Time is in decaauts)
 A = Elapsed time spent in this place.
 B = Non-inter-level travel time spent in this place.
 C = Inter-level travel time spent in this place.
 D = Time resting spent in this place.
 E = Time spent auto-exploring this place.
 F = Levels seen in this place.
 G = Mean time per level.
                   A        B        C        D        E       F      G
               +--------+--------+--------+--------+--------+-----+--------+
         Total |   3828 |   3776 |     52 |    620 |   2321 |   5 |  765.6 |
       Dungeon |   3828 |   3776 |     52 |    620 |   2321 |   5 |  765.6 |
               +--------+--------+--------+--------+--------+-----+--------+

Top non-repeatable levels by time:
     D:2: 1451 daAuts
     D:1: 924 daAuts
     D:3: 845 daAuts
     D:6: 381 daAuts
     D:4: 226 daAuts
